 Dungeon Crawl Stone Soup version 0.29.0-4-gdea44cf6ec (webtiles) character file.

Game seed: 15704585284810533557

2499 experimilk the Basher (level 9, -2/67 HPs)
             Began as a Palentonga Abyssal Knight on Aug 27, 2022.
             Was an Elder of Lugonu.
             Slain by a wyvern (9 damage)
             ... on level 8 of the Dungeon.
             The game lasted 00:20:00 (11168 turns).

experimilk the Basher (Palentonga Abyssal Knight)  Turns: 11168, Time: 00:20:01

Health: -2/67      AC: 13    Str: 22    XL:     9   Next: 28%
Magic:  13/15      EV:  8    Int: 10    God:    Lugonu [****..]
Gold:   357        SH: 10    Dex: 12    Spells: 8/8 levels left

rFire   . . .      SeeInvis +   s - +1 flail
rCold   . . .      Faith    .   a - +2 buckler
rNeg    . . .      Spirit   .   l - +0 ring mail
rPois   +          Reflect  +   q - +0 helmet
rElec   .          Harm     .   (no cloak)
rCorr   .          Rampage  .   (no gloves)
Will    .....                   (no barding)
Stlth   +.........              v - amulet of reflection
HPRegen 0.21/turn               d - ring of poison resistance
MPRegen 0.14/turn               (no ring)

@: mighty, curled up
A: large, rugged brown scales 3, see invisible, deformed body, roll 1, armoured
tail, reflexive curl
a: Rolling Charge, Renounce Religion, Depart the Abyss, Bend Space, Banish,
Corrupt


You were on level 8 of the Dungeon.
You worshipped Lugonu.
Lugonu was greatly pleased with you.
You visited 1 branch of the dungeon, and saw 8 of its levels.
You visited the Abyss 1 time.
You also visited: Sewer.

You collected 357 gold pieces.

Inventory:

Hand Weapons
 s - a +1 flail (weapon)
Missiles
 f - 6 silver boomerangs
 m - a throwing net
 t - 6 boomerangs
Armour
 a - a +2 buckler (worn)
 l - a +0 ring mail (worn)
 q - a +0 helmet (worn)
Jewellery
 d - a ring of poison resistance (left hand)
 v - an amulet of reflection (around neck)
Wands
 y - a wand of polymorph (8)
Scrolls
 c - a scroll of enchant weapon
 g - a scroll of poison
 k - a scroll of amnesia
 p - a scroll of blinking {unknown}
Potions
 b - 2 potions of might
 e - a potion of lignification
 h - 3 potions of curing
 i - 5 potions of flight
 j - a potion of haste
 o - 2 potions of attraction {unknown}
 r - 4 potions of mutation
 u - a potion of ambrosia {unknown}
 w - a potion of cancellation {unknown}
 x - 4 potions of brilliance


   Skills:
 - Level 3.0 Fighting
 * Level 10.6 Maces & Flails
 - Level 1.5 Armour
 - Level 0.7 Dodging
 - Level 8.0 Invocations


You had 8 spell levels left.
You didn't know any spells.
Your spell library contained the following spells:

 Spells                   Type           Power      Damage    Failure   Level
 Apportation              Tloc           0%         N/A       61%         1
 Sandblast                Erth           0%         2d4       61%         1
 Passwall                 Tmut/Erth      0%         N/A       75%         2
 Ignite Poison            Fire/Tmut/Pois 0%         N/A       93%         3
 Mephitic Cloud           Conj/Pois/Air  0%         N/A       93%         3
 Stone Arrow              Conj/Erth      0%         3d7       93%         3
 Alistair's Intoxication  Tmut/Pois      0%         N/A       100%        5
 Freezing Cloud           Conj/Ice/Air   0%         6-21      100%        5


Dungeon Overview and Level Annotations

Branches:
Dungeon (8/15)             Temple (0/1) D:4           Sewer (visited)
   Lair: D:8-11

Altars:
Kikubaaqudgha

Annotations:
D:5 3 runed translucent doors, ShnitzelX2's ghost, novice PaHu; Zeldest's ghost, weakling FoDe
D:8 corrupted, 2 runed translucent doors
Abyss:1 Menkaure


Innate Abilities, Weirdness & Mutations

You are completely covered in rugged brown scales. (AC +3, +7% HP)
You have supernaturally acute eyesight. (SInv)
Armour fits poorly on your strangely shaped body.
You can roll at nearby foes to attack.
You have a long armoured tail.
You curl defensively after being hit. (AC +7*)


Message History

Roll where?
Press: ? - help, Dir - move target, f - wyvern, p - killer bee
Aim: a wyvern
Okay, then.
You sock the killer bee!
The killer bee is almost dead.
You feel sick. You block the killer bee's attack. The killer bee stings you.
* * * LOW HITPOINT WARNING * * *
The killer bee stings you.
* * * LOW HITPOINT WARNING * * *
The killer bee stings you but does no damage.
You block the killer bee's attack.
You miss the killer bee.
Your tail-slap misses the killer bee.
The killer bee is almost dead.
You feel sick. The killer bee barely misses you.
The killer bee stings you but does no damage. x2
You block the wyvern's attack. The killer bee stings you!
* * * LOW HITPOINT WARNING * * *
You block the killer bee's attack.
The killer bee stings you but does no damage.
You feel much better.
You feel sick. You block the killer bee's attack. The killer bee stings you.
You block the killer bee's attack. The wyvern closely misses you.
The killer bee barely misses you. x2
The killer bee closely misses you. Space bends violently around you!
You blink.
You feel sick.
The wyvern hisses menacingly.
Space bends violently around you!
You blink.
You feel sick.
The killer bee stings you but does no damage.
You block the killer bee's attack. x2
You feel sick.
You are no longer poisoned.
The killer bee stings you!
* * * LOW HITPOINT WARNING * * *
The killer bee barely misses you.
The killer bee attacks as you move away!
The killer bee closely misses you.
The killer bee attacks as you move away!
You block the killer bee's attack. The wyvern attacks as you move away!
The wyvern bites you!
You die...

##.##.##.#.#.#....#....)........
#............#.)..#..#.#.......
#...............#...#.....##...
##.....#.#.##.........##.#### ..
#......#...##..#............#
#>..................#.....#..
#........#####.#..>..........
#......#.......#.l....#......
#........#.##..<@y...........
#......#....#.##yy...........
#.####........##...!.........
#.# #........†...............
#.###.......$.#..............
#.##........>......########+#
#.##.#......####...#
#.##.#.............#
#.#..#............##


You could see a wyvern and 3 killer bees.

Vanquished Creatures
  A water moccasin (D:7)
  An ice beast (D:8)
  A sky beast (D:7)
  2 black bears
  A centaur (D:6)
  3 phantoms
  A wolf (D:7)
  A bullfrog (D:7)
  A scorpion (D:6)
  8 killer bees
  A howler monkey (D:6)
  5 jellies
  3 orc priests
  3 hounds
  8 iguanas
  6 orc wizards
  3 gnolls (D:5)
  10 adders
  2 river rats (Sewer)
  A shadow imp (D:7)
  A white imp (D:6)
  2 ufetubi
  8 worms
  3 dart slugs
  14 orcs
  11 ball pythons
  13 endoplasms
  4 giant cockroaches
  6 goblins
  7 hobgoblins
  7 jackals
  2 kobolds
  4 quokkas
  2 bats
  7 frilled lizards
  13 rats
166 creatures vanquished.

Vanquished Creatures (others)
  A wyvern (D:8)
  Grum (D:8)
  A water moccasin (D:8)
  An ice beast (D:8)
  3 wolves (D:8)
  A killer bee (D:8)
  3 orc wizards (D:8)
  4 gnolls (D:8)
  2 orcs (D:8)
  5 withered plants (D:5)
22 creatures vanquished.

Grand Total: 188 creatures vanquished

Notes
Turn   | Place    | Note
-------+----------+-------------------------------------------
     0 | Abyss:1  | experimilk the Palentonga Abyssal Knight began the quest
                  | for the Orb.
     0 | Abyss:1  | Reached XP level 1. HP: 19/19 MP: 2/2
     1 | D:1      | Escaped the Abyss
   214 | D:1      | Reached XP level 2. HP: 25/25 MP: 3/3
   770 | D:2      | Found a faded altar of an unknown god.
   779 | D:2      | Reached skill level 3 in Maces & Flails
   993 | D:2      | Reached XP level 3. HP: 22/31 MP: 4/4
  1129 | D:2      | Reached *** piety under Lugonu
  2228 | D:3      | Reached XP level 4. HP: 37/37 MP: 6/6
  2230 | D:3      | Reached skill level 4 in Maces & Flails
  2653 | D:3      | Found an ancient bone altar of Kikubaaqudgha.
  3992 | D:4      | Found a staircase to the Ecumenical Temple.
  4057 | D:4      | Reached XP level 5. HP: 41/43 MP: 7/7
  4156 | D:5      | Entered Level 5 of the Dungeon
  4316 | D:5      | Reached skill level 5 in Maces & Flails
  4445 | D:5      | Noticed a phantom
  4454 | D:5      | Killed a phantom
  4455 | D:5      | Reached XP level 6. HP: 44/50 MP: 6/9
  4727 | D:5      | Reached **** piety under Lugonu
  4744 | D:5      | Reached skill level 6 in Maces & Flails
  5208 | D:5      | Reached skill level 5 in Invocations
  5379 | D:5      | Found a runed translucent gate.
  5379 | D:5      | Found a runed translucent gate.
  5380 | D:5      | Found a runed translucent gate.
  5381 | D:5      | Noticed Zeldest's ghost (weakling FoDe)
  5381 | D:5      | Noticed ShnitzelX2's ghost (novice PaHu)
  5532 | D:5      | Gained mutation: You curl defensively after being hit. (AC
                  | +7*) [Palentonga growth]
  5532 | D:5      | Reached XP level 7. HP: 12/55 MP: 10/10
  5842 | D:6      | Noticed Menkaure
  5857 | D:6      | Banished Menkaure
  5858 | D:6      | Reached skill level 7 in Maces & Flails
  6011 | D:6      | Found a glowing drain.
  6016 | Sewer    | Entered a sewer
  6441 | Sewer    | Reached XP level 8. HP: 59/62 MP: 12/12
  6456 | Sewer    | Reached skill level 8 in Maces & Flails
  6595 | Sewer    | Found a viscous altar of Jiyva.
  7663 | D:6      | Reached skill level 9 in Maces & Flails
  8313 | D:7      | Reached ***** piety under Lugonu
  9490 | D:8      | Noticed Grum
  9707 | D:8      | Reached XP level 9. HP: 45/67 MP: 14/14
  9736 | D:7      | Reached skill level 10 in Maces & Flails
 10174 | D:8      | Corrupted D:8
 10174 | D:8      | Noticed a rime drake
 10174 | D:8      | a shapeshifter changed into a rime drake
 10174 | D:8      | Noticed a large abomination
 10180 | D:8      | Killed Grum
 10183 | D:8      | Noticed an apocalypse crab
 10744 | D:8      | Noticed a large abomination
 10752 | D:8      | Noticed a thrashing horror
 11109 | D:8      | Found a large runed translucent door.
 11110 | D:8      | Found a large runed translucent door.
 11168 | D:8      | Slain by a wyvern

Illustrated notes

Levels and vault maps discovered:
D:1:      dpeg_arrival_central, layout_basic, serial_glass, glass_columns_b,
          glass_columns_b
D:2:      layout_loops_cross, dreamdust_ecumenical_altar_statues,
          minmay_octomino_e4
D:3:      layout_basic, mainiacjoe_overflow_concentric_impassable,
          minmay_pentangle
D:4:      layout_loops_ring, minmay_temple_entry_fiery, minmay_misc_feat_hallway
D:5:      layout_loops_ring, gammafunk_ghost_cemetery, serial_bayou_lake_a
D:6:      layout_gridville, lightli_sewer_entry_pipes, st_stairs_10,
          uniq_menkaure
D:7:      layout_basic
D:8:      lemuel_insect_pit, layout_rooms, ebering_ghost_disaster_area,
          uniq_grum

Skill      XL: |  1  2  3  4  5  6  7  8  9 |
---------------+----------------------------+-----
Maces & Flails | 3 4 5 6 7 9 10 | 10.6
Invocations    | 3 4 5 6 7 8 |  8.0
Fighting       | |  3.0
Armour         | |  1.5
Dodging        | |  0.7

Action                   |  1- 3 |  4- 6 |  7- 9 || total
-------------------------+-------+-------+-------++-------
Melee: Mace              |    99 |    32 |       ||   131
       Tailslap          |    16 |    24 |    42 ||    82
       Flail             |       |   146 |   329 ||   475
Invok: Bend Space        |     2 |     3 |     5 ||    10
       Banish            |       |       |     1 ||     1
       Corrupt           |       |       |     1 ||     1
 Abil: Rolling Charge    |    26 |    27 |    38 ||    91
  Use: Scroll            |     1 |     6 |     9 ||    16
       Potion            |       |       |    11 ||    11
Armor: Leather armour    |    33 |       |       ||    33
       Ring mail         |     6 |   101 |   102 ||   209
       Skin              |       |       |   185 ||   185
Dodge: Dodged            |    30 |    83 |   120 ||   233
Block: Buckler           |       |    88 |   253 ||   341
       Reflection        |       |     3 |     3 ||     6
